 Dungeon Crawl Stone Soup version 0.27-a0-3-gcf006a40f5 (webtiles) character file.

Game seed: 15451709715781168636

18069 Dirian the Severer (level 12, -8/110 HPs)
             Began as a Minotaur Fighter on Jan 1, 2021.
             Was the Champion of Okawaru.
             Engulfed by an ice statue's freezing vapour (9 damage)
             ... in an ice cave.
             The game lasted 00:20:00 (11311 turns).

Dirian the Severer (Minotaur Fighter)              Turns: 11311, Time: 00:20:00

Health: -8/110     AC: 16    Str: 25    XL:     12   Next: 24%
Magic:  13/13      EV:  6    Int:  5    God:    Okawaru [******]
Gold:   688        SH: 11    Dex: 11    Spells: 11/11 levels left

rFire    . . .     SeeInvis .   m - +0 broad axe
rCold    . . .     Faith    .   v - +1 kite shield
rNeg     . . .     Spirit   .   f - +1 chain mail {rPois}
rPois    +         Reflect  .   (helmet restricted)
rElec    .         Harm     .   b - +0 cloak
rCorr    .         Rampage  .   (no gloves)
Will     .....                  H - +0 pair of boots
Stlth    ..........             J - amulet of regeneration
HPRegen  0.68/turn              e - +4 ring of slaying
MPRegen  0.13/turn              l - +4 ring of slaying

@: no status effects
A: retaliatory headbutt, horns 2
a: Renounce Religion, Heroism, Finesse


You were in an ice cave.
You worshipped Okawaru.
Okawaru was exalted by your worship.
You visited 1 branch of the dungeon, and saw 11 of its levels.
You also visited: Ice Cave.

You collected 688 gold pieces.

Inventory:

Hand Weapons
 a - a +2 war axe of freezing
 m - a +0 broad axe (weapon)
 F - a +1 scimitar of flaming
Armour
 b - a +0 cloak (worn)
 f - a +1 chain mail of poison resistance (worn)
 v - a +1 kite shield (worn)
 D - a +0 plate armour
 H - a +0 pair of boots (worn)
Jewellery
 e - a +4 ring of slaying (left hand)
 k - a +4 ring of evasion
 l - a +4 ring of slaying (right hand)
 p - an uncursed ring of flight
 A - an uncursed ring of poison resistance
 J - an amulet of regeneration (around neck)
Wands
 E - a wand of disintegration (24)
 G - a wand of iceblast (10)
Scrolls
 c - a scroll of magic mapping
 i - a scroll of fog
 t - 6 scrolls of teleportation
 x - 8 scrolls of remove curse
 z - a scroll of blinking
 B - a scroll of acquirement
 I - 2 scrolls of enchant armour
Potions
 d - a potion of might
 g - 2 potions of mutation
 h - 2 potions of haste
 j - 5 potions of flight
 o - a potion of cancellation {unknown}
 q - 7 potions of curing
 s - a potion of attraction {unknown}
 u - 2 potions of berserk rage
 w - 3 potions of heal wounds
 C - 2 potions of invisibility {unknown}


   Skills:
 + Level 11.3 Fighting
 + Level 17.0 Axes
 + Level 11.1 Armour
 - Level 5.0 Shields
 * Level 3.8 Invocations


You had 11 spell levels left.
You didn't know any spells.
Your spell library contained the following spells:

 Spells                   Type           Power        Failure   Level
 Animate Skeleton         Necr           0%           100%        1
 Pain                     Necr           0%           100%        1
 Sandblast                Erth           0%           100%        1
 Blink                    Tloc           N/A          100%        2
 Passwall                 Tmut/Erth      0%           100%        2
 Confusing Touch          Hex            0%           100%        3
 Gell's Gravitas          Tloc           0%           100%        3
 Lesser Beckoning         Tloc           0%           100%        3
 Stone Arrow              Conj/Erth      0%           100%        3
 Teleport Other           Tloc           0%           100%        3
 Vampiric Draining        Necr           0%           100%        3
 Animate Dead             Necr           0%           100%        4
 Passage of Golubria      Tloc           N/A          100%        4
 Petrify                  Tmut/Erth      0%           100%        4
 Agony                    Necr           0%           100%        5
 Lee's Rapid Deconstruct  Erth           0%           100%        5
 Metabolic Englaciation   Hex/Ice        0%           100%        5
 Yara's Violent Unravell  Hex/Tmut       0%           100%        5


Dungeon Overview and Level Annotations

Branches:
Dungeon (11/15)            Temple (0/1) D:7            Lair (0/6) D:10
    Orc (0/2) D:10          IceCv (1/1)

Altars:
Cheibriados
Dithmenos
Elyvilon
Fedhas
Gozag
Hepliaklqana
Nemelex Xobeh
Okawaru
Qazlal
Sif Muna
Trog
Vehumet
Yredelemnul
The Shining One

Shops:
D:6 *

Annotations:
D:9 4 runed translucent doors IceCv exclusion: 3 ice statues


Innate Abilities, Weirdness & Mutations

You reflexively headbutt those who attack you in melee.
You have a pair of horns on your head.


Message History

The ice beast hits you but does no damage.
You hit the ice statue but do no damage.
The ice statue is heavily damaged.
You slash the ice beast!
You kill the ice beast!
The ice statue gestures at you. The freezing blast engulfs you.
* * * LOW HITPOINT WARNING * * *
You hit the ice statue but do no damage.
The ice statue is heavily damaged.
You hit the ice beast.
You are engulfed in freezing vapours.
* * * LOW HITPOINT WARNING * * *
You block the ice beast's attack. The ice statue gestures at you.
The shard of ice hits you!!
* * * LOW HITPOINT WARNING * * *
You slice the ice statue!!
The ice statue is severely damaged.
You slash the ice beast!
You are engulfed in freezing vapours.
You die...

###8###
##.....##
##.......##
#.........#
#.........#
#.....☼☼Y°#
#......§☼○#
#8....YY@8#
#####.#####
#.}○○☼§..|#
#....§....#
#.........#
#.........#
#.........#
##.......##
##.....##


You could see 3 ice statues and 3 ice beasts.

Vanquished Creatures
  A centaur warrior (D:9)
  Erica (D:9)
  5 death yaks (D:10)
  4 two-headed ogres
  Sonja (D:10)
  The ghost of loralnil the Insei, a novice GnTm of Cheibriados (D:6)
  Pikel (D:6)
  An ugly thing (IceCv)
  Joseph (D:9)
  Maurice (D:8)
  Sigmund (D:6)
  2 shadows (D:10)
  A centaur simulacrum (D:10)
  A wyvern (D:9)
  4 yaks (D:10)
  A steam dragon (D:10)
  Duvessa (D:4)
  An orc warrior (D:6)
  5 sky beasts
  11 ice beasts
  4 black bears
  5 ogres
  3 phantoms
  A necrophage (D:10)
  3 wolves (D:10)
  5 centaurs
  3 lemures (D:6)
  6 bullfrogs
  3 big kobolds
  A wyvern zombie (D:9)
  Dowan (D:4)
  3 scorpions
  9 killer bees (D:9)
  8 wights
  3 troll zombies (D:10)
  5 howler monkeys
  3 electric eels (D:10)
  A centaur zombie (D:7)
  A quasit (D:9)
  3 jellies
  6 hounds
  3 bullfrog skeletons (D:4)
  5 orc priests
  A bullfrog zombie (D:6)
  3 centaur skeletons
  10 orc wizards
  Terence (D:2)
  A hell rat (D:10)
  An iguana (D:10)
  7 worker ants
  5 ogre zombies (D:10)
  2 hound skeletons
  A gnoll (D:9)
  A howler monkey skeleton (D:6)
  8 adders
  A river rat (D:10)
  5 shadow imps
  15 white imps
  A worker ant simulacrum (D:10)
  3 ufetubi
  2 oozes (D:4)
  An adder skeleton (D:2)
  2 worms
  2 dart slugs (D:1)
  4 leopard geckos
  29 orcs
  A ball python (D:1)
  11 bats
  2 giant cockroaches
  5 goblins
  8 hobgoblins
  14 jackals
  7 quokkas
  A ball python skeleton (D:4)
  16 frilled lizards
  A goblin zombie (D:10)
  2 hobgoblin skeletons (D:10)
  2 hobgoblin zombies (D:10)
  15 kobolds
  A leopard gecko skeleton (D:6)
  5 orc skeletons (D:10)
  15 orc zombies (D:10)
  10 rats
352 creatures vanquished.

Vanquished Creatures (others)
  An orc wizard (D:7)
  3 plants (D:1)
4 creatures vanquished.

Grand Total: 356 creatures vanquished

Notes
Turn   | Place    | Note
-------+----------+-------------------------------------------
     0 | D:1      | Dirian the Minotaur Fighter began the quest for the Orb.
     0 | D:1      | Reached XP level 1. HP: 19/19 MP: 0/0
   166 | D:1      | Reached XP level 2. HP: 24/27 MP: 1/1
   700 | D:1      | Reached XP level 3. HP: 32/32 MP: 2/2
   810 | D:2      | Reached skill level 3 in Axes
   908 | D:2      | Reached XP level 4. HP: 21/40 MP: 3/3
  1080 | D:2      | Noticed Terence
  1088 | D:2      | Killed Terence
  1454 | D:2      | Found an iron altar of Okawaru.
  1886 | D:2      | Became a worshipper of Warmaster Okawaru
  1964 | D:3      | Reached skill level 4 in Axes
  1964 | D:3      | Reached XP level 5. HP: 36/47 MP: 4/4
  2640 | D:3      | Found a sparkling altar of Nemelex Xobeh.
  2650 | D:3      | Found a bloodstained altar of Trog.
  2655 | D:3      | Found a shimmering blue altar of Sif Muna.
  2807 | D:4      | Reached skill level 5 in Axes
  3035 | D:4      | Reached skill level 5 in Armour
  3046 | D:4      | Reached * piety under Okawaru
  3047 | D:4      | Reached XP level 6. HP: 43/53 MP: 5/5
  3173 | D:4      | Found a stormy altar of Qazlal.
  3209 | D:4      | Reached skill level 5 in Shields
  3260 | D:4      | Found a hazy altar of Hepliaklqana.
  3261 | D:4      | Found a shadowy altar of Dithmenos.
  3261 | D:4      | Noticed a shadow
  3278 | D:4      | Reached skill level 5 in Fighting
  3278 | D:4      | Reached skill level 6 in Axes
  3472 | D:4      | Reached XP level 7. HP: 52/61 MP: 6/6
  3528 | D:4      | Noticed Duvessa
  3529 | D:4      | Noticed Dowan
  3538 | D:4      | Killed Duvessa
  3543 | D:4      | Killed Dowan
  3544 | D:4      | Reached skill level 7 in Axes
  3676 | D:4      | Reached ** piety under Okawaru
  3816 | D:5      | Entered Level 5 of the Dungeon
  4253 | D:6      | Noticed Sigmund
  4257 | D:6      | Found a transporter.
  4268 | D:6      | Killed Sigmund
  4269 | D:6      | Reached skill level 8 in Axes
  4269 | D:6      | Reached XP level 8. HP: 55/70 MP: 7/7
  4337 | D:6      | Noticed loralnil's ghost (novice GnTm)
  4423 | D:6      | Found a transporter.
  4593 | D:6      | Reached skill level 9 in Axes
  5115 | D:6      | Found Ynlotim's General Store.
  5325 | D:6      | Noticed Pikel
  5336 | D:6      | Killed Pikel
  5337 | D:6      | Reached skill level 10 in Axes
  5337 | D:6      | Reached XP level 9. HP: 66/79 MP: 6/8
  5643 | D:6      | Killed loralnil's ghost
  5643 | D:6      | Reached *** piety under Okawaru
  5644 | D:6      | Reached skill level 11 in Axes
  6032 | D:7      | Reached skill level 12 in Axes
  6244 | D:7      | Reached **** piety under Okawaru
  6302 | D:7      | Found a staircase to the Ecumenical Temple.
  6636 | D:7      | Identified a scroll of acquirement
  6848 | D:8      | Found a basalt altar of Yredelemnul.
  6854 | D:8      | Found a glowing golden altar of the Shining One.
  6856 | D:8      | Noticed an angel
  7022 | D:8      | Noticed Maurice
  7035 | D:8      | Paralysed by Maurice for 5 turns
  7058 | D:8      | Killed Maurice
  7059 | D:8      | Reached XP level 10. HP: 90/90 MP: 9/9
  7082 | D:8      | Found a white marble altar of Elyvilon.
  7239 | D:8      | You fall into a shaft and drop 2 floors!
  7239 | D:10     | Entered Level 10 of the Dungeon
  7253 | D:10     | Reached skill level 13 in Axes
  7295 | D:10     | Reached ***** piety under Okawaru
  7527 | D:9      | Noticed Erica
  7542 | D:9      | Killed Erica
  7806 | D:8      | Noticed a two-headed ogre
  7813 | D:8      | Killed a two-headed ogre
  7814 | D:8      | Reached skill level 14 in Axes
  7960 | D:8      | Found an opulent altar of Gozag.
  8267 | D:8      | Found a faded altar of an unknown god.
  8267 | D:8      | Found a blossoming altar of Fedhas.
  8272 | D:8      | Found a radiant altar of Vehumet.
  8274 | D:8      | Found a faded altar of an unknown god.
  8275 | D:8      | Found a snail-covered altar of Cheibriados.
  8649 | D:9      | Found a huge runed translucent gate.
  8801 | D:9      | Found a huge runed translucent gate.
  8802 | D:9      | Found a huge runed translucent gate.
  8802 | D:9      | Found a huge runed translucent gate.
  8802 | D:9      | Noticed a death yak
  8803 | D:9      | Noticed a manticore
  8917 | D:9      | Noticed a two-headed ogre
  8926 | D:9      | Killed a two-headed ogre
  9163 | D:9      | Reached ****** piety under Okawaru
  9164 | D:9      | Reached XP level 11. HP: 97/97 MP: 10/10
  9180 | D:9      | Noticed Joseph
  9192 | D:9      | Killed Joseph
  9367 | D:9      | Reached skill level 10 in Armour
  9428 | D:9      | Noticed a centaur warrior
  9437 | D:9      | Reached skill level 15 in Axes
  9441 | D:9      | Killed a centaur warrior
  9447 | D:9      | Reached skill level 10 in Fighting
  9451 | D:9      | Received a gift from Okawaru
  9945 | D:10     | Noticed Sonja
  9953 | D:10     | Killed Sonja
  9975 | D:10     | Received a gift from Okawaru
  9985 | D:10     | Noticed a death yak
 10005 | D:10     | Killed a death yak
 10006 | D:10     | Reached skill level 1 in Invocations
 10136 | D:10     | Noticed a two-headed ogre
 10145 | D:10     | Killed a two-headed ogre
 10228 | D:10     | Noticed a death yak
 10242 | D:10     | Killed a death yak
 10243 | D:10     | Reached skill level 16 in Axes
 10447 | D:10     | Found a staircase to the Orcish Mines.
 10601 | D:10     | Noticed a two-headed ogre
 10606 | D:10     | Killed a two-headed ogre
 10606 | D:10     | Received a gift from Okawaru
 10687 | D:10     | Found a staircase to the Lair.
 10694 | D:10     | Noticed a death yak
 10696 | D:10     | Noticed a death yak
 10697 | D:10     | Noticed a death yak
 10710 | D:10     | Killed a death yak
 10710 | D:10     | Received a gift from Okawaru
 10711 | D:10     | Reached XP level 12. HP: 88/110 MP: 11/13
 10720 | D:10     | Killed a death yak
 10722 | D:10     | Killed a death yak
 11177 | D:11     | Found a frozen archway.
 11205 | IceCv    | Entered an ice cave
 11263 | IceCv    | Reached skill level 17 in Axes
 11310 | IceCv    | HP: 1/110 [ice statue/shard of ice (21)]
 11311 | IceCv    | Engulfed by an ice statue's freezing vapour

Illustrated notes

Levels and vault maps discovered:
D:1:      psy_arrival_fountain, layout_loops_ring, chequers_avenue,
          minmay_lizard_king
D:2:      layout_basic, marbit_many_paths, minmay_pentomino_w2, uniq_terence
D:3:      layout_basic, grunt_temple_overflow_diamond
D:4:      layout_basic, riverfiend_overflow_shadow_ancestor,
          grunt_qazlal_clouds, uniq_duvessa
D:5:      layout_basic, minivault_11
D:6:      layout_basic, gammafunk_ghost_arena, serial_shops,
          nicolae_shop_window_shopping, uniq_sigmund, uniq_pikel
D:7:      layout_basic, minmay_temple_entry_proselytizer, grunt_ministairs_15,
          amcnicky_mini_pool_small
D:8:      layout_layer_cave, grunt_temple_overflow_holy_war,
          chequers_temple_overflow_minitemple, lemuel_coloured_pillars_altar,
          lemuel_crystal_altar, uniq_maurice
D:9:      lemuel_bear_cage, layout_stronghold, onia_ninara_cookie, uniq_erica,
          uniq_joseph
D:10:     layout_stronghold, dpeg_lair_monsters, zombieorc2_lemuel, serial_ice,
          serial_ice_m, serial_ice_j, serial_ice_o, serial_ice_h, serial_ice_f,
          serial_ice_c, serial_ice_b, serial_ice_a, uniq_sonja
D:11:     layout_roguey, portal_ice_cave_entry_imps, serial_shops, shop,
          uniq_josephine
IceCv:    ice_cave_statue_garden_chambered

Skill      XL: |  1  2  3  4  5  6  7  8  9 10 11 12 |
---------------+-------------------------------------+-----
Shields        | 4 5 |  5.0
Fighting       | 4 5 6 7 8 9 11 | 11.3
Armour         | 4 5 6 7 8 9 11 | 11.1
Axes           | 3 4 5 6 8 10 12 14 16 17 | 17.0
Invocations    | 3 |  3.8

Action                   |  1- 3 |  4- 6 |  7- 9 | 10-12 || total
-------------------------+-------+-------+-------+-------++-------
Melee: War axe           |    90 |   104 |    24 |       ||   218
       Headbutt          |    18 |    18 |    40 |    78 ||   154
       Broad axe         |       |       |   213 |   399 ||   612
Invok: Heroism           |       |       |     2 |     7 ||     9
  Use: Scroll            |       |    10 |     1 |     4 ||    15
Armor: Scale mail        |    48 |    28 |       |       ||    76
       Chain mail        |       |    15 |    93 |   135 ||   243
Dodge: Dodged            |    33 |    25 |    66 |   129 ||   253
Block: Kite shield       |    56 |    46 |   123 |   234 ||   459

Table legend: (Time is in decaauts)
 A = Elapsed time spent in this place.
 B = Non-inter-level travel time spent in this place.
 C = Inter-level travel time spent in this place.
 D = Time resting spent in this place.
 E = Time spent auto-exploring this place.
 F = Levels seen in this place.
 G = Mean time per level.
                   A        B        C        D        E       F      G
               +--------+--------+--------+--------+--------+-----+--------+
         Total |  11423 |  10999 |    424 |     34 |   8957 |  12 |  951.9 |
       Dungeon |  11320 |  10896 |    424 |      0 |   8957 |  11 | 1029.1 |
      Ice Cave |    102 |    102 |      0 |     34 |      0 |   1 |  102.0 |
               +--------+--------+--------+--------+--------+-----+--------+

Top non-repeatable levels by time:
     D:9: 1691 daAuts
     D:6: 1622 daAuts
     D:8: 1430 daAuts
    D:10: 1363 daAuts
     D:2: 1189 daAuts
     D:4: 1039 daAuts
     D:3: 875 daAuts
     D:7: 845 daAuts
     D:1: 788 daAuts
     D:5: 430 daAuts
   IceCv: 102 daAuts
    D:11: 45 daAuts
